 Dungeon Crawl Stone Soup version 0.17-a0-1596-g1e86911 (webtiles) character file.

8439 ryw the Fighter (level 11, -20/87 HPs)
             Began as a Demonspawn Fighter on July 31, 2015.
             Was a Priest of Makhleb.
             Killed from afar by an ice dragon (41 damage)
             ... with a blast of cold
             ... on level 2 of the Lair of Beasts.
             The game lasted 00:39:19 (12780 turns).

ryw the Fighter (Demonspawn Fighter)               Turns: 12780, Time: 00:39:19

Health: -20/87     AC:  4    Str: 22    XL:     11   Next: 9%
Magic:  0/16       EV: 15    Int: 14    God:    Makhleb [***...]
Gold:   824        SH:  5    Dex: 15    Spells: 0 memorised, 10 levels left

rFire  . . .     SeeInvis +     V - +8 dagger of Zahol {pierce, *Confuse Str+5 Int+4 SInv}
rCold  . . .     Clarity  .     X - +0 leather armour
rNeg   . . .     SustAt   +     K - +0 buckler
rPois  .         Gourm    .     (no helmet)
rElec  .         Spirit   +     (no cloak)
rCorr  .         Warding  .     m - +0 pair of gloves (curse)
rMut   .         Stasis   .     (boots unavailable)
MR     .....                    k - amulet of regeneration
Stlth  +++.......               l - ring of sustain attributes
                                Q - +4 ring of slaying

@: not resistant to hostile enchantments, fairly stealthy
A: hooves 3, thin skeletal structure 1, clumsy 1, sense surroundings 1, powered
by death 1, magic shield, magic regeneration, magic link
a: Minor Destruction, Lesser Servant of Makhleb, Renounce Religion


You were on level 2 of the Lair of Beasts.
You worshipped Makhleb.
Makhleb was most pleased with you.
You were not hungry.

You visited 3 branches of the dungeon, and saw 14 of its levels.

You collected 824 gold pieces.

Inventory:

Hand weapons
 a - a +1 lajatang of speed
 b - a +0 arbalest
 P - the +6 great sword of Doubt {venom, *Drain MP+9 Dex+4}
   (You found it on level 8 of the Dungeon)

   It poisons the flesh of those it strikes.
   It affects your dexterity (+4).
   It affects your magic capacity (+9).
   It causes draining when unequipped.
 V - the +8 dagger of Zahol (weapon) {pierce, *Confuse Str+5 Int+4 SInv}
   (You found it on level 10 of the Dungeon)

   It inflicts extra damage upon your enemies.
   It affects your strength (+5).
   It affects your intelligence (+4).
   It lets you see invisible.
   It may confuse you when you take damage.
 Z - a +0 greatsling
Missiles
 g - 379 stones (quivered)
 q - 23 bolts of flame
 A - 78 sling bullets
Armour
 m - a cursed +0 pair of gloves (worn)
 K - a +0 buckler (worn)
 X - a +0 leather armour (worn)
 Y - a troll hide
Jewellery
 c - an uncursed ring of positive energy
 i - an uncursed ring of fire
 j - an uncursed ring of positive energy
 k - an amulet of regeneration (around neck)
 l - a ring of sustain attributes (right hand)
 u - an uncursed amulet of rage
 D - a cursed ring of teleportation
 Q - a +4 ring of slaying (left hand)
Magical devices
 p - a wand of teleportation (7)
 v - a wand of slowing (15)
 y - a wand of disintegration (4)
 C - a wand of digging (7)
 I - a wand of disintegration (20)
 N - a wand of random effects (30)
Scrolls
 h - 3 scrolls of teleportation
 r - 4 scrolls of remove curse
 s - a scroll of fear
 z - 5 scrolls of identify
 F - a scroll of enchant weapon
 H - a scroll of recharging
Potions
 d - 3 potions of might
 f - a potion of curing
 o - a potion of flight {unknown}
 t - a potion of heal wounds
 x - a potion of haste
 R - a potion of ambrosia {unknown}
 W - a potion of resistance {unknown}
Books
 O - a book of Alchemy

   Spells                             Type                      Level
   a - Sublimation of Blood           Necromancy                   2
   b - Ignite Poison                  Fire/Transmutation/Poison    3
   c - Alistair's Intoxication        Transmutation/Poison         4
   d - Condensation Shield            Ice                          4
   e - Petrify                        Transmutation/Earth          4
   f - Irradiate                      Conjuration/Transmutation    5
 T - a book of the Dragon

   Spells                             Type                      Level
   a - Flame Tongue                   Conjuration/Fire             1
   b - Cause Fear                     Hexes                        4
   c - Bolt of Fire                   Conjuration/Fire             6
   d - Dragon Form                    Transmutation                7
   e - Dragon's Call                  Summoning                    9
Comestibles
 e - 9 bread rations
 n - 3 fruits
 w - a royal jelly
 B - 7 meat rations
 J - 7 beef jerkies
 S - 8 chunks of flesh
 U - a slice of pizza


   Skills:
 + Level 8.6 Fighting
 * Level 4.1(5.5) Short Blades
 - Level 5.6(6.2) Long Blades
 - Level 4.8 Staves
 - Level 2.1 Crossbows
 - Level 2.6 Armour
 + Level 6.8 Dodging
 - Level 6.6 Stealth
 - Level 2.6 Shields
 - Level 2.0 Unarmed Combat
 - Level 7.1 Invocations


You had 10 spell levels left.
You didn't know any spells.

Dungeon Overview and Level Annotations

Branches:
Dungeon (11/15)            Temple (1/1) D:5            Lair (2/8) D:9
    Orc (0/4) D:10

Altars:
Ashenzari
Cheibriados
Dithmenos
Elyvilon
Fedhas
Gozag
Kikubaaqudgha
Makhleb
Nemelex Xobeh
Okawaru
Qazlal
Ru
Sif Muna
Trog
Vehumet
Xom
Yredelemnul
Zin

Shops:
D:8 *

Annotations:
D:3 UristMcKoga's ghost, average HOFE
D:6 Pikel
D:9 4 runed doors
D:11 dirge's ghost, experienced HuBe


Innate Abilities, Weirdness & Mutations

You have hooves in place of feet.
You have a somewhat thin skeletal structure (Dex +2, Stealth).
You regenerate a little health from kills.
When hurt, damage is shared between your health and your magic reserves.
You regenerate magic rapidly.
When low on magic, you restore magic in place of health.
You are clumsy. (Dex -2)
You passively map a small area around you.


Message History

You feel much better. The ice dragon closely misses you.
The ice dragon closely misses you. x2
You hit the ice dragon.
The ice dragon is severely wounded.
The ice dragon closely misses you. The ice dragon completely misses you.
The ice dragon tramples you!
* * * LOW HITPOINT WARNING * * *
You stumble backwards!
Drink which item? (? for menu, Esc to quit)
You feel much better. The ice dragon bites you! The ice dragon claws you.
* * * LOW HITPOINT WARNING * * *
The ice dragon barely misses you.
Use which ability? (? or * to list)
Okay, then.
Use which ability? (? or * to list)
A demon appears!
You feel slightly more hungry.
The ice dragon is no longer covered in acid.
The ice dragon breathes frost at you. The blast of cold hits you!
You die...

.........#####.≈≈...≈≈≈
..........#.##.)≈≈≈..≈≈≈
................≈≈≈≈.≈≈≈
*
.................≈.≈≈...
,
............####⌠.≈≈≈...
* ............#
#.....#P. ...........##
###..)... ........D..P##
###......
.......@.....###.......P
..#........P###.........
, ##P3.....##...........
, *##.............P##...
#............###*... .#
###[........#.# ... ,
..## #P...†......#* ..#
#....###....P.##.....
#.........†.#####.P... *


You could see an ice dragon and a friendly neqoxec.

Vanquished Creatures
  2 spiny frogs (Lair:1)
  A two-headed ogre (D:8)
  A deep elf mage (D:9)
  6 yaks (Lair:2)
  A vampire mosquito (D:8)
  Eustachio (D:6)
  3 hippogriffs
  A basilisk (Lair:1)
  2 hungry ghosts
  A wyvern (D:9)
  3 water moccasins (Lair:1)
  A porcupine (Lair:2)
  7 ice beasts
  2 orc warriors
  3 sky beasts
  A phantom (D:8)
  2 slaves (D:6)
  7 ogres
  A wasp (D:9)
  2 eyes of draining (D:9)
  3 centaurs
  A crocodile (D:7)
  A necrophage (D:9)
  4 giant frogs
  7 scorpions
  An electric eel (D:10)
  A giant frog zombie (D:10)
  2 hounds
  4 crimson imps
  2 jellies
  2 orc wizards
  2 centaur skeletons
  2 orc priests
  8 iguanas
  A killer bee zombie (D:9)
  4 worker ants
  2 worker ant zombies
  A hound skeleton (D:7)
  13 adders
  16 river rats (Lair:1)
  2 shadow imps
  A white imp (Lair:2)
  2 oozes (D:4)
  3 adder zombies
  3 adder skeletons (D:5)
  3 worms
  6 giant geckos
  26 orcs
  12 hobgoblins
  5 jackals
  11 kobolds
  6 quokkas
  2 ball pythons
  5 bats
  6 giant cockroaches
  4 giant newts
  10 goblins
  2 jackal skeletons
  A quokka skeleton (D:4)
  4 rats
239 creatures vanquished.

Vanquished Creatures (collateral kills)
  A hill giant (D:10)
  2 trolls (D:10)
  A yak (Lair:1)
  An electric eel (D:10)
  A crimson imp (D:10)
6 creatures vanquished.

Vanquished Creatures (others)
  A goblin (D:1)
1 creature vanquished.

Grand Total: 246 creatures vanquished

Notes
Turn   | Place    | Note
--------------------------------------------------------------
     0 | D:1      | ryw the Demonspawn Fighter began the quest for the Orb.
     0 | D:1      | Reached XP level 1. HP: 18/18 MP: 1/1
   193 | D:1      | Gained mutation: You regenerate a little health from kills. [demonic ancestry]
   193 | D:1      | Reached XP level 2. HP: 20/24 MP: 2/2
   657 | D:1      | Reached skill level 4 in Fighting
  1092 | D:1      | Gained mutation: You have a somewhat thin skeletal structure (Dex +2, Stealth). [demonic ancestry]
  1092 | D:1      | Reached XP level 3. HP: 30/30 MP: 3/3
  1345 | D:2      | Found a faded altar to an unknown god.
  1625 | D:2      | Reached skill level 1 in Stealth
  1644 | D:2      | Reached skill level 1 in Dodging
  2122 | D:3      | Gained mutation: You have large cloven feet. [demonic ancestry]
  2122 | D:3      | Reached XP level 4. HP: 38/38 MP: 4/4
  2506 | D:3      | Noticed a centaur
  2530 | D:3      | Killed a centaur
  2530 | D:3      | Gained mutation: When hurt, damage is shared between your health and your magic reserves. [demonic ancestry]
  2530 | D:3      | Reached XP level 5. HP: 11/43 MP: 5/5
  2585 | D:3      | Found a shattered altar of Ashenzari.
  2654 | D:3      | Noticed UristMcKoga's ghost (average HOFE)
  2914 | D:4      | Reached skill level 5 in Fighting
  2914 | D:4      | Gained mutation: You regenerate magic rapidly. [demonic ancestry]
  2914 | D:4      | Reached XP level 6. HP: 22/51 MP: 2/6
  3376 | D:5      | Entered Level 5 of the Dungeon
  3742 | D:5      | Found a basalt altar of Yredelemnul.
  3742 | D:5      | Found an opulent altar of Gozag.
  3923 | D:5      | Found a staircase to the Ecumenical Temple.
  3931 | Temple   | Entered the Ecumenical Temple
  3949 | Temple   | Became a worshipper of Makhleb the Destroyer
  4016 | D:5      | Reached skill level 1 in Short Blades
  4016 | D:5      | Reached skill level 1 in Invocations
  4883 | D:6      | Noticed Eustachio
  4903 | D:6      | Noticed Pikel
  4969 | D:5      | Gained mutation: You passively map a small area around you. [potion of beneficial mutation]
  5192 | D:6      | Gained mutation: When low on magic, you restore magic in place of health. [demonic ancestry]
  5192 | D:6      | Reached XP level 7. HP: 56/56 MP: 5/8
  5306 | D:6      | Killed Eustachio
  5643 | D:6      | Reached skill level 6 in Fighting
  5972 | D:6      | Gained mutation: You have hoof-like feet. [demonic ancestry]
  5972 | D:6      | Reached XP level 8. HP: 50/64 MP: 7/10
  5978 | D:6      | Reached skill level 1 in Staves
  6296 | D:7      | Acquired Makhleb's first power
  6673 | D:7      | Reached skill level 5 in Stealth
  7016 | D:8      | Found Epidd's General Store.
  7218 | D:8      | Reached skill level 5 in Invocations
  7218 | D:8      | Reached XP level 9. HP: 57/71 MP: 12/12
  7500 | D:8      | Acquired Makhleb's second power
  7654 | D:8      | Noticed a two-headed ogre
  7660 | D:8      | Killed a two-headed ogre
  8062 | D:8      | Reached skill level 5 in Dodging
  8107 | D:8      | Reached skill level 1 in Crossbows
  8160 | D:8      | Reached skill level 7 in Fighting
  8173 | D:8      | Got a shimmering great sword
  8174 | D:8      | Identified the +6 great sword of Doubt {venom, *Drain MP+9 Dex+4} (You found it on level 8 of the Dungeon)
  8446 | D:9      | Found a bloodstained altar of Trog.
  8610 | D:9      | Gained mutation: You have hooves in place of feet. [demonic ancestry]
  8610 | D:9      | Reached XP level 10. HP: 79/79 MP: 11/14
  8625 | D:9      | Found a huge runed gate.
  8626 | D:9      | Found a huge runed gate.
  8626 | D:9      | Found a huge runed gate.
  8626 | D:9      | Found a huge runed gate.
  8627 | D:9      | Noticed a griffon
  8627 | D:9      | Noticed a griffon
  8635 | D:9      | Noticed a griffon
  8728 | D:9      | Found a staircase to the Lair.
  8783 | D:9      | Acquired Makhleb's third power
  9125 | Lair:1   | Entered Level 1 of the Lair of Beasts
  9157 | Lair:1   | Reached skill level 1 in Unarmed Combat
 10006 | Lair:1   | HP: 3/80 [poisoned by a spiny frog]
 10011 | Lair:1   | HP: 1/80 [poisoned by a spiny frog]
 10377 | Lair:1   | Gained mutation: You are clumsy. (Dex -2) [a neqoxec]
 10379 | Lair:1   | HP: 4/80 [white imp[the player character] (3)]
 10658 | Lair:2   | Reached skill level 5 in Long Blades
 10770 | D:9      | Reached skill level 8 in Fighting
 10828 | D:10     | Entered Level 10 of the Dungeon
 10868 | D:10     | Acquired Makhleb's fourth power
 10887 | D:10     | Found a staircase to the Orcish Mines.
 10908 | D:10     | Noticed a hill giant
 10921 | D:10     | Killed a hill giant
 10976 | D:10     | Got a transparent dagger
 10977 | D:10     | Identified the +8 dagger of Zahol {pierce, *Confuse Str+5 Int+4 SInv} (You found it on level 10 of the Dungeon)
 12044 | D:11     | Noticed a hill giant
 12319 | D:11     | Noticed dirge's ghost (experienced HuBe)
 12678 | Lair:2   | Reached XP level 11. HP: 73/87 MP: 13/16
 12756 | Lair:2   | Noticed an ice dragon
 12780 | Lair:2   | Killed from afar by an ice dragon

Vault maps used:
D:1:      minmay_arrival_stair_chambers, minivault_5, lemuel_old_faithful
D:2:      first_bread, ecumenical_altar_2
D:3:      lemuel_doored_altar
D:4:      glass_columns_b, serial_bayou_pond_d
D:5:      gammafunk_temple_overflow_wave, temple_statues, serial_glass,
          glass_columns_a, glass_columns_a
D:6:      uniq_eustachio, uniq_pikel
D:8:      serial_shops, nicolae_shop_window_shopping, grunt_ogre_cave,
          minmay_stone_trees_medium, kennysheep_just_a_vault
D:9:      lemuel_bear_cage, lair_0_dummy, trog_eyes_of_draining
D:10:     orc_0_dummy, kennysheep_another_room, minmay_holes
D:11:     serial_shops, shop, uniq_maurice
Temple:   nicolae_temple_x_marks_the_god_16
Lair:1:   serial_bayou_shore_b
Lair:2:   kennysheep_abandoned_house, ice2_lemuel

Action                   |  1- 3 |  4- 6 |  7- 9 | 10-12 || total
-------------------------+-------+-------+-------+-------++-------
Melee: Long sword        |   103 |       |       |       ||   103
       Dagger            |   102 |   583 |   219 |   109 ||  1013
       Lajatang          |       |       |   236 |       ||   236
       Great sword       |       |       |    39 |   129 ||   168
 Fire: Arbalest          |       |       |     7 |       ||     7
Throw: Stone             |     4 |       |       |       ||     4
Invok: Lesser Servant of |       |       |       |     8 ||     8
       Minor Destruction |       |       |       |     5 ||     5
  Use: Potion            |       |    10 |     1 |     6 ||    17
       Scroll            |       |    13 |       |     6 ||    19
 Stab: Sleeping          |     3 |    14 |     6 |    10 ||    33
       Distracted        |       |     2 |     2 |     2 ||     6
  Eat: Chunk             |     4 |     7 |     9 |     8 ||    28
       Bread ration      |       |     1 |     1 |     2 ||     4
       Pizza             |       |     1 |       |       ||     1
       Fruit             |       |       |     2 |     1 ||     3
